AoeStats
← Guitencule

Lombardia

508616876Analyzed
3v3 RM · 10d ago on Sep 23, 2026· 96m 6s· 6 players
Game mode
Random Map
Map size
Normal (6 player)
Population
200
Speed
Normal
Resources
Standard
Victory
Conquest
Starting age
Dark Age
Ending age
Imperial Age
RankedLock teamsTeams togetherTeam positionsShared explorationLock speedFull tech treeHidden civsTurbo modeCheats
Victory
Defeat
🇫🇷 Japanese · France
835
+12
🇦🇺 Hindustanis · Australia
776
+14
🇮🇹 Danes · Italy
737
+17
🇦🇺 Vietnamese · Australia
762
-15
🇦🇺 Spanish · Australia
761
-15
🇦🇺 Japanese · Australia
708
-13
JuliusSeizure
10:03 Feudal Age
10:28 Horse Collar
10:34 Double-Bit Axe
11:08 Loom
14:56 Scale Barding Armor
19:15 Bloodlines
22:46 Castle Age
25:34 Chain Barding Armor
25:16 Husbandry
25:50 Gold Mining
26:13 Bow Saw
26:04 Heavy Plow
27:56 Stone Mining
28:53 Forging
30:16 Gambesons
30:36 Squires
31:05 Caravan
32:13 Iron Casting
31:42 Scale Mail Armor
32:26 Wheelbarrow
34:10 Chain Mail Armor
33:58 Pikeman
38:34 Imperial Age
37:28 Ballistics
37:39 Ballistics
38:10 Town Watch
38:29 Murder Holes
38:44 Elite Conquistador
38:59 Halberdier
41:41 Plate Barding Armor
41:37 Plate Mail Armor
42:21 Blast Furnace
43:56 Chemistry
64:37 Two-Man Saw
87:29 Elite Skirmisher
88:16 Thumb Ring
89:23 Imperial Skirmisher
Zerg
6:46 Loom
9:19 Feudal Age
7:39 Loom
9:59 Double-Bit Axe
10:01 Horse Collar
12:49 Wheelbarrow
14:10 Arson
18:32 Stone Mining
18:35 Gold Mining
19:34 Forging
19:26 Scale Mail Armor
21:44 Padded Archer Armor
21:48 Fletching
27:04 Castle Age
27:16 Pikeman
27:59 Squires
28:28 Hand Cart
31:24 Coinage
33:59 Gold Shaft Mining
33:33 Heavy Plow
34:10 Bow Saw
40:40 Imperial Age
39:30 Caravan
40:16 Yasama
42:12 Kataparuto
42:15 Conscription
42:38 Hoardings
43:13 Halberdier
45:10 Iron Casting
46:00 Chain Mail Armor
48:06 Elite Samurai
76:34 Plate Mail Armor
77:38 Bodkin Arrow
86:17 Thumb Ring
85:35 Crossbowman
86:51 Leather Archer Armor
86:37 Bracer
89:41 Arbalester
Teb
8:03 Loom
11:46 Feudal Age
12:28 Double-Bit Axe
15:33 Fletching
15:29 Horse Collar
20:49 Padded Archer Armor
21:49 Gold Mining
26:56 Castle Age
26:58 Forging
26:55 Scale Barding Armor
29:10 Stone Mining
28:44 Pikeman
29:24 Squires
29:13 Arson
30:06 Iron Casting
29:52 Chain Barding Armor
29:33 Scale Mail Armor
29:29 Bodkin Arrow
29:50 Leather Archer Armor
30:20 Bow Saw
30:18 Heavy Plow
30:19 Crossbowman
32:43 Wheelbarrow
32:37 Ballistics
33:26 Caravan
35:24 Chain Mail Armor
36:53 Hand Cart
36:24 Town Watch
36:06 Light Cavalry
37:06 Bloodlines
38:31 Town Patrol
41:35 Imperial Age
40:30 Thumb Ring
40:52 Husbandry
42:46 Arbalester
55:42 Halberdier
65:04 Bracer
65:40 Plate Barding Armor
Peppe_04
9:33 Feudal Age
14:35 Double-Bit Axe
14:32 Horse Collar
20:19 Castle Age
32:19 Heavy Plow
32:34 Bow Saw
33:14 Wheelbarrow
36:27 Loom
36:59 Hand Cart
36:30 Town Watch
40:45 Imperial Age
38:49 Thumb Ring
38:06 Elite Skirmisher
43:03 Elite Varangian Guard
43:29 Arson
43:45 Squires
43:05 Pikeman
43:06 Man-at-Arms
43:32 Gambesons
43:24 Heavy Mounted Crossbowman
43:26 Cranequins
44:54 Town Patrol
47:42 Ballistics
47:28 Siege Engineers
53:11 Light Cavalry
53:52 Husbandry
54:03 Bloodlines
56:23 Arrowslits
58:07 Caravan
67:39 Forging
67:36 Scale Barding Armor
67:22 Fletching
67:32 Padded Archer Armor
83:48 Iron Casting
83:14 Scale Mail Armor
83:15 Bodkin Arrow
83:36 Leather Archer Armor
85:59 Bracer
87:37 Ring Archer Armor
90:27 Halberdier
Guitencule
2:56 Loom
12:40 Feudal Age
17:46 Horse Collar
17:56 Double-Bit Axe
20:38 Town Watch
22:54 Castle Age
20:47 Gold Mining
24:34 Husbandry
25:14 Bow Saw
25:13 Heavy Plow
26:23 Wheelbarrow
29:14 Hand Cart
29:04 Caravan
29:24 Pikeman
29:49 Gambesons
30:05 Squires
29:50 Arson
29:31 Elite Skirmisher
31:08 Arson
30:48 Crossbowman
32:44 Bloodlines
34:21 Fortified Wall
38:18 Imperial Age
36:04 Thumb Ring
36:31 Ballistics
39:03 Forging
38:44 Fletching
38:55 Padded Archer Armor
38:55 Scale Mail Armor
39:01 Scale Barding Armor
39:28 Conscription
39:41 Capped Ram
40:45 Kataparuto
44:28 Iron Casting
44:10 Chain Mail Armor
44:32 Bodkin Arrow
44:53 Leather Archer Armor
45:39 Heavy Scorpion
48:07 Bracer
48:28 Chain Barding Armor
48:10 Cavalier
55:40 Leather Archer Armor
56:26 Blast Furnace
55:27 Elite Samurai
57:51 Two-Man Saw
57:24 Plate Mail Armor
73:11 Man-at-Arms
78:40 Ring Archer Armor
Beardsley McTurbanhead
3:34 Loom
11:51 Feudal Age
12:37 Double-Bit Axe
12:37 Horse Collar
18:27 Castle Age
19:58 Bow Saw
19:50 Heavy Plow
21:16 Wheelbarrow
22:40 Hand Cart
22:11 Town Watch
24:25 Light Cavalry
25:17 Bloodlines
25:07 Husbandry
26:24 Scale Barding Armor
28:08 Gold Mining
28:08 Stone Mining
29:37 Chain Barding Armor
29:28 Forging
32:23 Iron Casting
34:40 Imperial Age
32:11 Town Patrol
33:54 Gold Shaft Mining
33:54 Stone Shaft Mining
33:58 Caravan
34:45 Hussar
36:02 Plate Barding Armor
36:27 Blast Furnace
35:55 Ballistics
36:37 Chemistry
35:48 Fortified Wall
37:42 Two-Man Saw
37:19 Heavy Camel Rider
37:32 Siege Elephant
38:38 Siege Engineers
38:56 Conscription
39:02 Grand Trunk Road
39:09 Grand Trunk Road
40:44 Imperial Camel Rider
45:23 Onager
62:13 Fletching
62:24 Padded Archer Armor
62:54 Shatagni
64:28 Thumb Ring
65:37 Leather Archer Armor
65:18 Bodkin Arrow
65:24 Scale Mail Armor
66:12 Heavy Cavalry Archer
72:46 Coinage
75:52 Banking
80:15 Bracer
80:45 Ring Archer Armor
80:31 Chain Mail Armor
80:58 Man-at-Arms
81:38 Squires
81:24 Arson
82:09 Long Swordsman
82:11 Pikeman
83:02 Two-Handed Swordsman
84:22 Champion
90:16 Elite Ghulam
Connection lost

Rejoining the realm…

Still unreachable

The connection could not be restored.

Session expired

The server has moved on; the page needs a fresh start.